 Dungeon Crawl Stone Soup version 0.30-a0-777-ga9a30cbeda (webtiles) character file.

Game seed: 7573330113155142634

126 octoduck the Ducker (level 5, -9/37 HPs)
             Began as a Merfolk Transmuter on Feb 13, 2023.
             Was a Follower of Uskayaw.
             Mangled by a gnoll
             ... wielding a +0 halberd
              (13 damage)
             ... on level 3 of the Dungeon.
             The game lasted 00:11:33 (3587 turns).

octoduck the Ducker (Merfolk Transmuter)            Turns: 3587, Time: 00:11:34

Health: -9/37      AC:  5    Str: 13    XL:     5   Next: 9%
Magic:  8/8        EV: 12    Int: 12    God:    Uskayaw [*.....]
Gold:   63         SH:  0    Dex: 14    Spells: 5/8 levels left

rFire   . . .      SeeInvis .      - Unarmed
rCold   . . .      Faith    .    (no shield)
rNeg    . . .      Spirit   .    i - +0 ring mail
rPois   .          Reflect  .    (no helmet)
rElec   .          Harm     .    (no cloak)
rCorr   .          Rampage  .    (no gloves)
Will    .....                    (no boots)
Stlth   +                        (no amulet)
HPRegen 0.26/turn                (no ring)
MPRegen 0.11/turn                (no ring)

@: no status effects
A: (nimble swimmer 2), mertail
a: Renounce Religion, Stomp


You were on level 3 of the Dungeon.
You worshipped Uskayaw.
Uskayaw was noncommittal.
You visited 1 branch of the dungeon, and saw 3 of its levels.

You collected 160 gold pieces.
You spent 97 gold pieces at shops.

Inventory:

Missiles
 d - a throwing net
 f - 2 poisoned darts (quivered)
Armour
 i - a +0 ring mail (worn)
Scrolls
 g - 2 scrolls of fear
 k - a scroll of magic mapping
 l - a scroll of identify
 m - a scroll of poison {unknown}
Potions
 a - 2 potions of berserk rage
 b - a potion of lignification
 c - 3 potions of haste
 e - a potion of curing
 h - a potion of flight
 j - a potion of attraction {unknown}
 n - a potion of heal wounds {unknown}


   Skills:
 - Level 1.1 Fighting
 + Level 5.1 Dodging
 + Level 4.9 Unarmed Combat
 - Level 2.0 Spellcasting
 - Level 2.6 Transmutations


You had 5 spell levels left.
You knew the following spells:

 Your Spells              Type           Power      Damage    Failure   Level
a - Beastly Appendage     Tmut           14%        N/A       21%         1
b - Wereblood             Tmut           7%         N/A       30%         2

Your spell library contained the following spells:

 Spells                   Type           Power      Damage    Failure   Level
 Necrotise                Necr           4%         1d4       52%         1
 Spider Form              Tmut/Pois      4%         N/A       71%         3
 Frozen Ramparts          Ice            2%         1d1       87%         3
 Ice Form                 Ice/Tmut       4%         N/A       98%         4
 Summon Ice Beast         Ice/Summ       1%         N/A       99%         4


Dungeon Overview and Level Annotations

Branches:
Dungeon (3/15)

Altars:
Uskayaw

Shops:
D:3 ?


Innate Abilities, Weirdness & Mutations

((You are very nimble when in or above water. (Stealth+, EV+, Speed+++)))
Your lower body shifts to a powerful aquatic tail in water.


Message History

The ufetubus barely misses you. The ufetubus barely misses you.
The ufetubus closely misses you. The ufetubus closely misses you. x2
You see here a +0 spear.
The ufetubus attacks as you move away! The ufetubus hits you.
* * * LOW HITPOINT WARNING * * *
The ufetubus hits you but does no damage. x2
The ufetubus closely misses you. The ufetubus barely misses you.
The ufetubus closely misses you.
The ufetubus hits you but does no damage. x2
The ufetubus attacks as you move away!
The ufetubus hits you but does no damage.
The ufetubus hits you.
* * * LOW HITPOINT WARNING * * *
The ufetubus barely misses you.
The ufetubus hits you but does no damage.
The ufetubus attacks as you move away!
The ufetubus hits you but does no damage.
The ufetubus closely misses you.
You hit the ufetubus but do no damage.
The ufetubus is heavily wounded.
The ufetubus hits you but does no damage.
The ufetubus completely misses you. The ufetubus closely misses you.
The ufetubus hits you.
* * * LOW HITPOINT WARNING * * *
You barely miss the ufetubus.
The ufetubus is heavily wounded.
The ufetubus hits you but does no damage.
The ufetubus hits you.
* * * LOW HITPOINT WARNING * * *
The ufetubus attacks as you move away!
The ufetubus hits you but does no damage.
The ufetubus hits you.
* * * LOW HITPOINT WARNING * * *
The ufetubus barely misses you. The ufetubus closely misses you.
As you read the scroll of fear, it crumbles to dust.
You assume a fearsome visage.
The gnoll resists with some effort.
The ufetubus looks frightened!
The gnoll hits you from afar with a +0 halberd!
You die...

######'#####.# #.# #......#.# #.#
#......#.# #)# ###### #......#.#
#.# #..... #......#.# #.# #.....
#####......#.######.########...P.
.....#+###..................PP...
####.#.###.#.#..###.#########....
..........<.....@5g............(.
##..)##.##...#..###...########)##
#.........#.#..# #.#.########.#
#....#.####.#..# #.#.....).##.#
#....#.#....#..# #.#######.##.#
#........##.#..# #.# #.##.#
#####.#.####.#..# #.# #g##.#
#.....#......#..# #.# #....##
###.##########..# #.#########....


You could see a gnoll and an ufetubus (fleeing).

Vanquished Creatures
  2 adders (D:2)
  2 gnolls (D:3)
  2 adder skeletons (D:3)
  2 dart slugs (D:2)
  An orc (D:3)
  8 ball pythons
  7 endoplasms
  3 giant cockroaches
  7 hobgoblins
  5 quokkas
  3 ball python skeletons (D:3)
  A ball python zombie (D:3)
  7 bats
  4 frilled lizards
  11 goblins
  3 kobolds
  A quokka zombie (D:3)
  6 rats
75 creatures vanquished.

Vanquished Creatures (others)
  A fungus (D:2)
  A withered plant (D:3)
2 creatures vanquished.

Grand Total: 77 creatures vanquished

Notes
Turn   | Place    | Note
-------+----------+-------------------------------------------
     0 | D:1      | octoduck the Merfolk Transmuter began the quest for the
                  | Orb.
     0 | D:1      | Reached XP level 1. HP: 15/15 MP: 3/3
   150 | D:1      | Reached skill level 3 in Dodging
   268 | D:1      | Reached XP level 2. HP: 21/21 MP: 3/5
   289 | D:1      | Learned a level 2 spell: Wereblood
   852 | D:1      | Reached XP level 3. HP: 23/26 MP: 6/6
  1282 | D:2      | Reached skill level 4 in Dodging
  1645 | D:2      | Reached XP level 4. HP: 32/32 MP: 5/7
  2028 | D:2      | Found a faded altar of an unknown god.
  2033 | D:2      | Got Plato's Collected Works on Nightshade
  2034 | D:2      | Prayed at the altar of an unknown god.
  2034 | D:2      | Became a worshipper of Uskayaw the Reveller
  2034 | D:2      | Reached * piety under Uskayaw
  2744 | D:3      | Found Dudujies's Magic Scroll Shop.
  2753 | D:3      | Bought a scroll of magic mapping for 97 gold pieces
  2933 | D:3      | Identified the +4 spear of the Festooned God {heavy, SInv}
  2955 | D:3      | Reached ** piety under Uskayaw
  3320 | D:3      | Reached skill level 5 in Dodging
  3320 | D:3      | Reached XP level 5. HP: 29/37 MP: 8/8
  3587 | D:3      | Mangled by a gnoll

Illustrated notes

Levels and vault maps discovered:
D:1:      minmay_arrival_open_corners, layout_loops_ring
D:2:      layout_loops_ring, shapermc_ecumenical_altar_rom_forum,
          solitary_fountain
D:3:      layout_basic, serial_shops, nicolae_lakefront_shop, serial_undead,
          serial_undead_d, serial_undead_b, serial_undead_c, serial_undead_b

Skill      XL: |  1  2  3  4 |
---------------+-------------+-----
Dodging        | 3 4 5 |  5.1
Unarmed Combat | 4 |  4.9
Fighting       | |  1.1
Spellcasting   | |  2.0
Transmutations | |  2.6

Action                     |  1- 3 |  4- 6 || total
---------------------------+-------+-------++-------
  Melee: Unarmed           |   107 |   112 ||   219
         Headbutt          |    16 |    18 ||    34
         Punch             |     2 |     8 ||    10
  Throw: Dart              |     1 |       ||     1
   Cast: Beastly Appendage |    29 |    27 ||    56
 Invoke: Stomp             |       |     1 ||     1
    Use: Scroll            |     3 |     6 ||     9
   Stab: Sleeping          |     2 |       ||     2
 Armour: Robe              |    16 |       ||    16
         Ring mail         |       |    44 ||    44
  Dodge: Dodged            |    61 |   101 ||   162

Table legend: (Time is in decaauts)
 A = Elapsed time spent in this place.
 B = Non-inter-level travel time spent in this place.
 C = Inter-level travel time spent in this place.
 D = Time resting spent in this place.
 E = Time spent auto-exploring this place.
 F = Levels seen in this place.
 G = Mean time per level.
                   A        B        C        D        E       F      G
               +--------+--------+--------+--------+--------+-----+--------+
         Total |   3571 |   3161 |    410 |    524 |   1695 |   3 | 1190.3 |
       Dungeon |   3571 |   3161 |    410 |    524 |   1695 |   3 | 1190.3 |
               +--------+--------+--------+--------+--------+-----+--------+

Top non-repeatable levels by time:
     D:1: 1308 daAuts
     D:3: 1143 daAuts
     D:2: 1119 daAuts
